TOP OF THE 1ST |
---|
St Charles Sheens batting - Pitching for Jersey Shore D-Bags : RHP Roland Martin | Pitching: RHP Roland Martin | | Batting: LHB Kyle Harrison | 0-0: Called Strike 0-1: Ball 1-1: Foul Ball, location: 2F 1-2: Fly out, F7 (Flyball, 78S) | Batting: RHB Rob Brady | 0-0: Called Strike 0-1: Swinging Strike 0-2: Ball 1-2: Foul Ball, location: 2F 1-2: Strikes out looking | Batting: RHB Miguel Encarnación | 0-0: Ball 1-0: Foul Ball, location: 2F 1-1: Swinging Strike 1-2: Strikes out looking | Top of the 1st over - 0 runs, 0 hits, 0 errors, 0 left on base; St Charles 0 - Jersey Shore 0 | BOTTOM OF THE 1ST |
---|
Jersey Shore D-Bags batting - Pitching for St Charles Sheens : RHP Bill Chase | Pitching: RHP Bill Chase | | Batting: RHB Mike Ingram | 0-0: Foul Ball, location: 2F 0-1: Ball 1-1: DOUBLE (Groundball, 3L) | Batting: RHB Ricardo González | 0-0: Ball 1-0: Ball 2-0: Called Strike 2-1: Ball 3-1: Base on Balls | Batting: RHB Miguel Serna | 0-0: Swinging Strike 0-1: Ball 1-1: Ball 2-1: SINGLE (Line Drive, 8LS) Mike Ingram to third Ricardo González to second Runner from 3rd tries for Home, SAFE, no throw | Batting: LHB Albert Morgan | 0-0: Called Strike 0-1: Ball Wild Pitch! Ricardo González to third Miguel Serna to second 1-1: Called Strike 1-2: Ball 2-2: Strikes out swinging | Batting: LHB Ed Murray | 0-0: Fly out, F9 (Flyball, 89S) | Batting: LHB Marcos Villarreal | 0-0: Foul Ball, location: 2F 0-1: Ball 1-1: DOUBLE (Groundball, 3L) Ricardo González scores Miguel Serna scores | Batting: RHB Pat Fullerton | 0-0: Ball 1-0: Ball 2-0: Ball 3-0: Called Strike 3-1: Swinging Strike 3-2: Strikes out swinging | Bottom of the 1st over - 3 runs, 3 hits, 0 errors, 1 left on base; St Charles 0 - Jersey Shore 3 | TOP OF THE 2ND |
---|
St Charles Sheens batting - Pitching for Jersey Shore D-Bags : RHP Roland Martin | Batting: SHB Henry Copeland | 0-0: Ball 1-0: Ball 2-0: Foul Ball, location: 2F 2-1: Ball 3-1: Foul Ball, location: 2F 3-2: Strikes out looking | Batting: RHB Dan Tyler | 0-0: Ground out 6-3 (Groundball, 6) | Batting: LHB Jason Lambert | 0-0: Called Strike 0-1: Called Strike 0-2: Ball 1-2: Strikes out swinging | Top of the 2nd over - 0 runs, 0 hits, 0 errors, 0 left on base; St Charles 0 - Jersey Shore 3 | BOTTOM OF THE 2ND |
---|
Jersey Shore D-Bags batting - Pitching for St Charles Sheens : RHP Bill Chase | Batting: RHB José Pinto | 0-0: Foul Ball, location: 2F 0-1: Swinging Strike 0-2: Ball 1-2: Ball 2-2: Strikes out swinging | Batting: RHB Greg Lee | 0-0: Ball 1-0: Ground out 6-3 (Groundball, 6) | Batting: RHB Mike Ingram | 0-0: SINGLE (Groundball, 56D) | Batting: RHB Ricardo González | 0-0: Foul Ball, location: 2F 0-1: Called Strike 0-2: Ball 1-2: Fly out, F9 (Flyball, 89M) | Bottom of the 2nd over - 0 runs, 1 hit, 0 errors, 1 left on base; St Charles 0 - Jersey Shore 3 | TOP OF THE 3RD |
---|
St Charles Sheens batting - Pitching for Jersey Shore D-Bags : RHP Roland Martin | Batting: LHB Benny Richard | 0-0: Called Strike 0-1: Fly out, F7 (Flyball, 78D) | Batting: LHB Juan Jose Rojas | 0-0: Called Strike 0-1: Ball 1-1: Fly out, F9 (Line Drive, 9) | Batting: LHB Nick Gamble | 0-0: Reached on error, E1 (Groundball, 13S) | Batting: LHB Kyle Harrison | 0-0: Swinging Strike 0-1: Ball 1-1: Swinging Strike 1-2: Ball 2-2: Foul Ball, location: 2F 2-2: Foul Ball, location: 2F 2-2: Strikes out swinging | Top of the 3rd over - 0 runs, 0 hits, 1 error, 1 left on base; St Charles 0 - Jersey Shore 3 | BOTTOM OF THE 3RD |
---|
Jersey Shore D-Bags batting - Pitching for St Charles Sheens : RHP Bill Chase | Batting: RHB Miguel Serna | 0-0: Foul Ball, location: 2F 0-1: Ball 1-1: Ball 2-1: Ball 3-1: Fly out, F9 (Flyball, 9LS) | Batting: LHB Albert Morgan | 0-0: Ball 1-0: SINGLE (Groundball, 34D) | Batting: LHB Ed Murray | 0-0: Ball 1-0: Foul Ball, location: 2F 1-1: Fielders Choice at 2nd, 1-6 (Groundball, P) | Batting: LHB Marcos Villarreal | 0-0: Ball 1-0: Swinging Strike 1-1: Ball 2-1: Foul Ball, location: 2F 2-2: Fly out, F7 (Flyball, 7D) | Bottom of the 3rd over - 0 runs, 1 hit, 0 errors, 1 left on base; St Charles 0 - Jersey Shore 3 | TOP OF THE 4TH |
---|
St Charles Sheens batting - Pitching for Jersey Shore D-Bags : RHP Roland Martin | Batting: RHB Rob Brady | 0-0: Called Strike 0-1: Foul Ball, location: 2F 0-2: Ball 1-2: Ball 2-2: Foul Ball, location: 2F 2-2: Foul Ball, location: 2F 2-2: Strikes out looking | Batting: RHB Miguel Encarnación | 0-0: Ball 1-0: Ground out 4-3 (Groundball, 4) | Batting: SHB Henry Copeland | 0-0: Foul Ball, location: 2F 0-1: Ball 1-1: Ball 2-1: SINGLE (Line Drive, 9S) | Batting: RHB Dan Tyler | 0-0: Ground out 6-3 (Groundball, 6S) | Top of the 4th over - 0 runs, 1 hit, 0 errors, 1 left on base; St Charles 0 - Jersey Shore 3 | BOTTOM OF THE 4TH |
---|
Jersey Shore D-Bags batting - Pitching for St Charles Sheens : RHP Bill Chase | Batting: RHB Pat Fullerton | 0-0: Called Strike 0-1: Ball 1-1: Ball 2-1: Fly out, F6 (Popup, 6) | Batting: RHB José Pinto | 0-0: Ball 1-0: Ball 2-0: Foul Ball, location: 2F 2-1: Ball 3-1: SINGLE (Groundball, 4MD) | Batting: RHB Greg Lee | 0-0: Foul Ball, location: 2F 0-1: Ball 1-1: Called Strike 1-2: Strikes out swinging | Batting: RHB Mike Ingram | 0-0: Ball 1-0: Called Strike José Pinto is caught stealing 2nd base | Bottom of the 4th over - 0 runs, 1 hit, 0 errors, 0 left on base; St Charles 0 - Jersey Shore 3 | TOP OF THE 5TH |
---|
St Charles Sheens batting - Pitching for Jersey Shore D-Bags : RHP Roland Martin | Batting: LHB Jason Lambert | 0-0: Called Strike 0-1: Bunt for hit - play at first, batter safe! | Batting: LHB Benny Richard | 0-0: Called Strike 0-1: Swinging Strike 0-2: Strikes out swinging | Batting: LHB Juan Jose Rojas | 0-0: Ball 1-0: Foul Ball, location: 2F 1-1: Swinging Strike 1-2: Foul Ball, location: 2F 1-2: Strikes out looking | Batting: LHB Nick Gamble | 0-0: Called Strike 0-1: Ball 1-1: Swinging Strike 1-2: Ball 2-2: Fielders Choice at 2nd, U6 (Groundball, 6M) | Top of the 5th over - 0 runs, 1 hit, 0 errors, 1 left on base; St Charles 0 - Jersey Shore 3 | BOTTOM OF THE 5TH |
---|
Jersey Shore D-Bags batting - Pitching for St Charles Sheens : RHP Bill Chase | Batting: RHB Mike Ingram | 0-0: Foul Ball, location: 2F 0-1: Foul Ball, location: 2F 0-2: Foul Ball, location: 2F 0-2: Strikes out swinging | Batting: RHB Ricardo González | 0-0: Ball 1-0: Called Strike 1-1: Fly out, F9 (Flyball, 89S) | Batting: RHB Miguel Serna | 0-0: Ball 1-0: Called Strike 1-1: Foul Ball, location: 2F 1-2: Ball 2-2: Foul Ball, location: 2F 2-2: Strikes out swinging | Bottom of the 5th over - 0 runs, 0 hits, 0 errors, 0 left on base; St Charles 0 - Jersey Shore 3 | TOP OF THE 6TH |
---|
St Charles Sheens batting - Pitching for Jersey Shore D-Bags : RHP Roland Martin | Batting: LHB Kyle Harrison | 0-0: Ground out 6-3 (Groundball, 6S) | Batting: RHB Rob Brady | 0-0: Ball 1-0: Foul Ball, location: 2F 1-1: Ball 2-1: Ball 3-1: Foul Ball, location: 2F 3-2: Strikes out looking | Batting: RHB Miguel Encarnación | 0-0: Ball 1-0: Foul Ball, location: 2F 1-1: Swinging Strike 1-2: Strikes out swinging | Top of the 6th over - 0 runs, 0 hits, 0 errors, 0 left on base; St Charles 0 - Jersey Shore 3 | BOTTOM OF THE 6TH |
---|
Jersey Shore D-Bags batting - Pitching for St Charles Sheens : RHP Bill Chase | Batting: LHB Albert Morgan | 0-0: Called Strike 0-1: Ground out 4-3 (Groundball, 4) | Batting: LHB Ed Murray | 0-0: Ball 1-0: Ball 2-0: Called Strike 2-1: Ball 3-1: Called Strike 3-2: Strikes out looking | Batting: LHB Marcos Villarreal | 0-0: Ball 1-0: Ball 2-0: Ball 3-0: Base on Balls | Batting: RHB Pat Fullerton | 0-0: Ball 1-0: Ball 2-0: SINGLE (Line Drive, 78S) Marcos Villarreal to second | Batting: RHB José Pinto | 0-0: Ball 1-0: Called Strike 1-1: Ball 2-1: Foul Ball, location: 2F 2-2: Ball 3-2: Base on Balls Marcos Villarreal to third Pat Fullerton to second | Batting: RHB Greg Lee | 0-0: Ball 1-0: Foul Ball, location: 2F 1-1: Ball 2-1: SINGLE (Groundball, 6MD) Marcos Villarreal scores Pat Fullerton to third José Pinto to second Runner from 3rd tries for Home, SAFE, no throw | Pitching: RHP Jesús Andrade | | Batting: RHB Mike Ingram | 0-0: Ball 1-0: Swinging Strike 1-1: Ball 2-1: Foul Ball, location: 2F 2-2: Strikes out looking and he ARGUES THE CALL AND IS TOSSED! | Bottom of the 6th over - 2 runs, 2 hits, 0 errors, 2 left on base; St Charles 0 - Jersey Shore 5 | TOP OF THE 7TH |
---|
St Charles Sheens batting - Pitching for Jersey Shore D-Bags : RHP Roland Martin | Now in CF: Dave Dodd | | Batting: SHB Henry Copeland | 0-0: Called Strike 0-1: Fly out, F7 (Flyball, 7) | Batting: RHB Dan Tyler | 0-0: DOUBLE (Flyball, 89XD) | Batting: LHB Jason Lambert | 0-0: Ground out 1-3 (Groundball, 15) | Batting: LHB Benny Richard | 0-0: Called Strike 0-1: Ball 1-1: Swinging Strike 1-2: Foul Ball, location: 2F 1-2: Ball 2-2: Fly out, F9 (Flyball, 9S) | Top of the 7th over - 0 runs, 1 hit, 0 errors, 1 left on base; St Charles 0 - Jersey Shore 5 | BOTTOM OF THE 7TH |
---|
Jersey Shore D-Bags batting - Pitching for St Charles Sheens : RHP Jesús Andrade | Batting: RHB Ricardo González | 0-0: Ball 1-0: Foul Ball, location: 2F 1-1: Ball 2-1: Ball 3-1: Foul Ball, location: 2F 3-2: SINGLE (Groundball, 6D) | Batting: RHB Miguel Serna | 0-0: Ball 1-0: Ball 2-0: Ball 3-0: Called Strike 3-1: Fly out, F3 (Popup, 3SF) | Batting: LHB Albert Morgan | 0-0: Foul Ball, location: 2F 0-1: Ball 1-1: Ball 2-1: Fielders Choice at 2nd, 4-6 (Groundball, 34) | Batting: LHB Ed Murray | 0-0: Ground out 4-3 (Groundball, 4) | Bottom of the 7th over - 0 runs, 1 hit, 0 errors, 1 left on base; St Charles 0 - Jersey Shore 5 | TOP OF THE 8TH |
---|
St Charles Sheens batting - Pitching for Jersey Shore D-Bags : RHP Roland Martin | Batting: LHB Juan Jose Rojas | 0-0: Called Strike 0-1: Ball 1-1: Called Strike 1-2: Strikes out swinging | Batting: LHB Nick Gamble | 0-0: Ball 1-0: Called Strike 1-1: Swinging Strike 1-2: Ball 2-2: SINGLE (Groundball, 3D) | Batting: LHB Kyle Harrison | 0-0: Ball 1-0: Fly out, F7 (Flyball, 7LS) | Batting: RHB Rob Brady | 0-0: Called Strike 0-1: Ball 1-1: Foul Ball, location: 2F 1-2: Fly out, F6 (Popup, 4M) | Top of the 8th over - 0 runs, 1 hit, 0 errors, 1 left on base; St Charles 0 - Jersey Shore 5 | BOTTOM OF THE 8TH |
---|
Jersey Shore D-Bags batting - Pitching for St Charles Sheens : RHP Jesús Andrade | Batting: LHB Marcos Villarreal | 0-0: Called Strike 0-1: Foul Ball, location: 2F 0-2: Ball 1-2: Foul Ball, location: 2F 1-2: Foul Ball, location: 2F 1-2: Ball 2-2: Ball 3-2: Base on Balls | Batting: RHB Pat Fullerton | 0-0: Called Strike 0-1: Ground out 4-3 (Groundball, 34) Marcos Villarreal to second | Batting: RHB José Pinto | 0-0: Foul Ball, location: 2F 0-1: Ball 1-1: Ball 2-1: Ground out 4-3 (Groundball, 4M) Marcos Villarreal to third | Batting: RHB Greg Lee | 0-0: Called Strike 0-1: Foul Ball, location: 2F 0-2: Ball 1-2: Foul Ball, location: 2F 1-2: Ball 2-2: Ground out 5-3 (Groundball, 5) | Bottom of the 8th over - 0 runs, 0 hits, 0 errors, 1 left on base; St Charles 0 - Jersey Shore 5 | TOP OF THE 9TH |
---|
St Charles Sheens batting - Pitching for Jersey Shore D-Bags : RHP Roland Martin | Batting: RHB Miguel Encarnación | 0-0: Foul Ball, location: 2F 0-1: Swinging Strike 0-2: Strikes out looking | Batting: SHB Henry Copeland | 0-0: Ball 1-0: Ground out 5-3 (Groundball, 56S) | Batting: RHB Dan Tyler | 0-0: Called Strike 0-1: Ball 1-1: SINGLE (Groundball, 56D) | Batting: LHB Jason Lambert | 0-0: SINGLE (Line Drive, 89S) Dan Tyler to second | Batting: LHB Benny Richard | 0-0: Called Strike 0-1: Ball 1-1: Ball 2-1: Ground out 4-3 (Groundball, 4) | Top of the 9th over - 0 runs, 2 hits, 0 errors, 2 left on base; St Charles 0 - Jersey Shore 5 | |